Workbook

Sheet Simulación Escenarios
H1: KPI´s 2018 Vs 2017 | M1: 2018 Situation
H2: Turnover | I2: ='Balance Situacion'!F29 -> 0.85062859 | M2: Good Year
H3: Staff Costs | I3: ='Balance Situacion'!F31 -> 0.21265715
H4: Other Costs | I4: ='Balance Situacion'!F32 -> 0.066666667
H5: Debt | I5: ='Balance Situacion'!F17 -> 0.11
H6: Treasury | I6: ='Balance Situacion'!F18 -> -0.37096604
H7: Net Profit | I7: ='Balance Situacion'!F41 -> 12.96146
D9: Three Marks | I9: 0.2 | N9: 0.1 | S9: 0.2
B10: Product Strategy | G10: =IF(D9="One Mark","Increase Purchases",IF(D9="","","Increase Purchases MUROEXE")) -> Increase Purchases MUROEXE | H10: =IF(D9="Una Marca","Incremento Compras",IF(D9="","","Incremento Compras Marca A")) -> Incremento Compras Marca A | L10: =IF(D9="One Mark","",IF(D9="","","Increase Purchases UCON")) -> Increase Purchases UCON | M10: =IF(I10="Una Marca","Incremento Compras",IF(I10="","","Incremento Compras Marca A")) | Q10: =IF(D9="One Mark","",IF(D9="","","Increase Purchases KOMONO")) -> Increase Purchases KOMONO | R10: =IF(N10="Una Marca","Incremento Compras",IF(N10="","","Incremento Compras Marca A"))
M11: =IF(M10="","","Rebaja Precio Venta") | R11: =IF(R10="","","Rebaja Precio Venta")
B41: IMPACTS | I41: 0.05
G42: =IF(D9="One Mark","Price reduction sale",IF(D9="","","Price reduction sale MUROEXE")) -> Price reduction sale MUROEXE | H42: =IF(D41="Una Marca","Incremento Compras",IF(D41="","","Incremento Compras Marca A")) | L42: =IF(D9="One Mark","",IF(D9="","","Price reduction sale UCON")) -> Price reduction sale UCON | M42: =IF(I42="Una Marca","Incremento Compras",IF(I42="","","Incremento Compras Marca A")) | Q42: =IF(D9="One Mark","",IF(D9="","","Price reduction sale KOMONO")) -> Price reduction sale KOMONO | R42: =IF(N42="Una Marca","Incremento Compras",IF(N42="","","Incremento Compras Marca A"))
M43: =IF(M42="","","Rebaja Precio Venta") | R43: =IF(R42="","","Rebaja Precio Venta")
D45: 0 | I45: 100000 | N45: 50000
B46: Increase Customer Debt | G46: Bank financing | L46: Investments | Q46: Dividend distribution
M47: =IF(M46="","","Rebaja Precio Venta") | R47: =IF(R46="","","Rebaja Precio Venta")

Sheet Balance Situacion
A1: Balance de Situación
A4: Período: de Enero a diciembre
A7: Activo | B7: 2016 | C7: 2017 | D7: 2018 | G7: Pasivo | H7: 2016 | I7: 2017 | J7: 2018
A9: A) ACTIVO NO CORRIENTE | B9: =SUM(B10:B12) -> 0 | C9: =SUM(C10:C12) -> 21617.03 | D9: =SUM(D10:D12) -> 65111 | G9: A) PATRIMONIO NETO | H9: =SUM(H10:H12) -> 108650.66 | I9: =SUM(I10:I12) -> 151425 | J9: =SUM(J10:J12) -> 0
A10: I. Inm intangible | C10: 15111 | D10: =IF('Simulación Escenarios'!N45="","",'Balance Situacion'!C10+'Simulación Escenarios'!N45) -> 65111 | F10: =D10/C10-1 -> 3.3088479 | G10: I. Capital | H10: 3000 | I10: 3000
A11: II. Inm material | C11: 3746.03 | G11: III. Reservas | H11: 58143.9 | I11: 105649.9
A12: V. Inv fin largo plazo | C12: 2760 | G12: VII. Resultado del ejercicio | H12: 47506.76 | I12: 42775.1
A14: B) ACTIVO CORRIENTE | B14: =SUM(B15:B18) -> 235602.02 | C14: =SUM(C15:C18) -> 750940.65 | D14: =SUM(D15:D18) -> 667710.76 | G14: B) PASIVO NO CORRIENTE | H14: =H15 -> 3500 | I14: =I15 -> 78500 | J14: =J15 -> 0
A15: II. Existencias | B15: 141500 | C15: 102400 | G15: Deudas con entidades de crédito | H15: 3500 | I15: 78500
A16: III. Deudores comerc. y otras cuentas a cobrar
A17: Clientes por ventas y prest. servicios | B17: 83483.33 | C17: 540072.79 | D17: =IF('Simulación Escenarios'!I9="","",((RANDBETWEEN(10,20)/100)*C17)+C17) -> 599480.8 | F17: =D17/C17-1 -> 0.11 | G17: Se actualiza solo al modificar los incrementos en compras 10, 20
A18: Tesorería | B18: 10618.69 | C18: 108467.86 | D18: =(IF('Simulación Escenarios'!I9="","",(((RANDBETWEEN(5,15)/100)*C18)+C18)))-(IF('Simulación Escenarios'!N45="","",'Simulación Escenarios'!N45))-('Simulación Escenarios'!S45*'Balance Situacion'!C42) -> 68229.967 | F18: =D18/C18-1 -> -0.37096604 | G18: Se actualiza solo al modificar los incrementos en compras -50, -30, - Inversiones, - Reparto Dividendos
G19: C) PASIVO CORRIENTE | H19: =SUM(H20:H22) -> 123451.82 | I19: =SUM(I20:I22) -> 542633.14 | J19: =SUM(J20:J22) -> 656136.37
G20: Bank Debt | H20: 47929 | I20: 123732.22 | J20: =IF('Simulación Escenarios'!I9="","",('Balance Situacion'!I20*0.9))+'Simulación Escenarios'!I45 -> 211359 | K20: Reduccion de un 10% + Financiacion 2018
G21: Providers | H21: 71927.18 | I21: 365522.13 | J21: =IF('Simulación Escenarios'!I9="","",('Balance Situacion'!I21+('Balance Situacion'!I21*'Simulación Escenarios'!I9/2))) -> 402074.34 | K21: Se actualiza en base % incremento en compras (50% del incremento)
G22: Other Debts | H22: 3595.64 | I22: 53378.79 | J22: =IF('Simulación Escenarios'!I9="","",('Balance Situacion'!I22*0.8)) -> 42703.032 | K22: Reduccion de un 20%
A24: T O T A L A C T I V O | B24: =B14+B9 -> 235602.02 | C24: =C14+C9 -> 772557.68 | D24: =D14+D9 -> 732821.76 | G24: T O T A L PATRIMONIO NETO Y PASIVO | H24: =H19+H14+H9 -> 235602.48 | I24: =I19+I14+I9 -> 772558.14 | J24: =J19+J14+J9 -> 656136.37
A26: Cuenta de Pérdidas y Ganancias | B26: 2016 | C26: 2017 | D26: 2018
A28: A) OPERACIONES CONTINUADAS | B28: 337139.62 | C28: 934178.41 | D28: =D29+(D29*('Simulación Escenarios'!I41*2)) -> 1901699
A29: 1. Importe neto de la cifra de negocios | B29: 337139.62 | C29: 934178.41 | D29: =(IF('Simulación Escenarios'!D9="One Mark",C29*(1+('Simulación Escenarios'!I9*2)),C30+((C30*'Simulación Escenarios'!I9)*3)*(RANDBETWEEN(8,10)/10)+((C30*'Simulación Escenarios'!N9)*2.5)*(RANDBETWEEN(9,10)/10)+((C30*'Simulación Escenarios'!S9)*3.5)*(RANDBETWEEN(5,10)/10)))+(C29*(AVERAGE('Simulación Escenarios'!I41,'Simulación Escenarios'!N41,'Simulación Escenarios'!S41)/2))+E29 -> 1728817.3 | E29: =IF('Simulación Escenarios'!M2="",0,IF('Simulación Escenarios'!M2="Bad Year",-'Balance Situacion'!C29*0.2,'Balance Situacion'!C29*0.2)) -> 186835.68 | F29: =D29/C29-1 -> 0.85062859 | G29: Se actualiza solo al modificar los incrementos en compras -15, 10 + Incremento de ventas por rebaja (20% del porcentaje de rebaja)
A30: 4. Aprov | B30: 207199.31 | C30: 706338.2 | D30: =IF('Simulación Escenarios'!D9="One Mark",((C30*(1+'Simulación Escenarios'!I9))),(C30*(1+(('Simulación Escenarios'!I9+'Simulación Escenarios'!N9+'Simulación Escenarios'!S9)/3)))) -> 824061.23 | F30: =D30/C30-1 -> 0.16666667
A31: Staff Costs | B31: 68700.58 | C31: 81844.54 | D31: =IF('Simulación Escenarios'!I9="","",C31*(1+(F29/4))) -> 99249.366 | F31: =D31/C31-1 -> 0.21265715 | G31: Incremento 0,20 del porcentaje de incremento en compras
A32: Other Costs | B32: 49978.87 | C32: 101534.85 | D32: =IF('Simulación Escenarios'!I9="","",C32*(1+('Simulación Escenarios'!I9/3))) -> 108303.84 | F32: =D32/C32-1 -> 0.066666667 | G32: Incremento 0,30 del porcentaje de incremento en compras
A33: 13. Otros | B33: 52591.78 | C33: 0 | D33: =IF('Simulación Escenarios'!D9="Three Marks",100000,0) -> 100000
A34: Total Gastos | B34: =SUM(B30:B33) -> 378470.54 | C34: =SUM(C30:C33) -> 889717.59 | D34: =IF('Simulación Escenarios'!I9="","",SUM(D30:D33)) -> 1131614.4 | E34: ='Simulación Escenarios'!I9*2 -> 0.4
A35: A.1) RESULTADOS DE EXPLOTACIÓN | B35: =B29-B30-B31-B32-B33 -> -41330.92 | C35: =C29-C30-C31-C32-C33 -> 44460.82 | D35: =D29-D30-D31-D32-D33 -> 597202.83
A36: 15. Gastos financieros | B36: -510.29 | C36: -1685.72
G37: 1000
A38: A.3) RESULTADO ANTES DE IMPUESTOS | B38: =B35+B36 -> -41841.21 | C38: =C35+C36 -> 42775.1 | D38: =D35+D36 -> 597202.83 | G38: 0.2
A39: 20. Impuestos sobre beneficios | B39: -15835.59 | C39: 0 | G39: =G37*(G38*2) -> 400
A41: A.5) RESULTADO | B41: =B38+B39 -> -57676.8 | C41: =C38+C39 -> 42775.1 | D41: =D38+D39 -> 597202.83 | F41: =D41/C41-1 -> 12.96146
B42: =B41 -> -57676.8 | C42: =C41 -> 42775.1 | D42: =D41-(D41*('Simulación Escenarios'!I41+'Simulación Escenarios'!N41+'Simulación Escenarios'!S41))-(C17*'Simulación Escenarios'!D45) -> 567342.69
